 Dungeon Crawl Stone Soup version 0.24-a0-535-gbb0d440638 (webtiles) character file.

Game seed: 12027071005408946722

9 DrakeDragon the Magician (level 2, 0/16 HPs)
             Began as a Deep Elf Wizard on Aug 10, 2019.
             Slain by a giant cockroach (1 damage)
             ... on level 1 of the Dungeon.
             The game lasted 00:02:52 (391 turns).

DrakeDragon the Magician (Deep Elf Wizard)           Turns: 391, Time: 00:02:52

Health: 0/16       AC:  2    Str:  4    XL:     2   Next: 3%
Magic:  0/9        EV: 13    Int: 22    God:
Gold:   15         SH:  0    Dex: 13    Spells: 9/10 levels left

rFire    . . .     SeeInvis .   (no weapon)
rCold    . . .     Gourm    .   (no shield)
rNeg     . . .     Faith    .   a - +0 robe
rPois    .         Spirit   .   b - +0 hat
rElec    .         Reflect  .   (no cloak)
rCorr    .         Harm     .   (no gloves)
MR       .....                  (no boots)
Stlth    ++........             (no amulet)
HPRegen  0.05/turn              (no ring)
MPRegen  0.11/turn              (no ring)

@: very slightly contaminated
A: no striking features
a: no special abilities


You were on level 1 of the Dungeon.
You were not hungry.

You visited 1 branch of the dungeon, and saw 1 of its levels.

You collected 15 gold pieces.

Inventory:

Armour
 a - a +0 robe (worn)
 b - a +0 hat (worn)
Scrolls
 f - a scroll of immolation {unknown}
Potions
 d - a potion of agility {unknown}
Comestibles
 c - a chunk of flesh
 e - 2 rations {!d}


   Skills:
 + Level 0.3 Fighting
 + Level 2.6 Dodging
 - Level 2.4 Stealth
 + Level 4.5 Spellcasting
 * Level 1.7 Conjurations
   Level 1.1 Summonings
   Level 1.1 Translocations


You had 9 spell levels left.
You knew the following spells:

 Your Spells              Type           Power        Failure   Level  Hunger
a - Magic Dart            Conj           ##..         5%          1    None

Your spell library contained the following spells:

 Spells                   Type           Power        Failure   Level  Hunger
 Blink                    Tloc           N/A          11%         2    None
 Call Imp                 Summ           #.......     11%         2    None
 Slow                     Hex            #.......     16%         2    None
 Conjure Flame            Conj/Fire      #.......     22%         3    ##.....
 Mephitic Cloud           Conj/Pois/Air  #.......     26%         3    ##.....


Dungeon Overview and Level Annotations

Branches:
Dungeon (1/15)

Altars:

Annotations:
D:1 exclusion: door


Message History

The magic dart hits the jackal.
You kill the jackal!
Aim: a jackal (heavily wounded)
You miscast Magic Dart.
Wisps of smoke drift from your hands. The jackal completely misses you.
The jackal closely misses you.
Aim: a jackal (heavily wounded)
The magic dart hits the jackal.
You kill the jackal!
You barely miss the jackal. The jackal barely misses you.
The jackal bites you but does no damage.
You closely miss the jackal. The jackal barely misses you.
You barely miss the jackal. The jackal closely misses you.
The jackal bites you.
You hit the jackal but do no damage. The jackal barely misses you.
You hit the jackal. The jackal barely misses you.
You hit the jackal but do no damage. The jackal bites you. x2
* * * LOW HITPOINT WARNING * * *
Aim: a jackal The magic dart hits the jackal.
The jackal bites you but does no damage.
You don't have enough magic to cast that spell.
You hit the jackal but do no damage. The jackal bites you.
* * * LOW HITPOINT WARNING * * *
The jackal misses you.
You hit the jackal but do no damage. The jackal bites you.
* * * LOW HITPOINT WARNING * * *
The jackal closely misses you.
You don't have enough magic to cast that spell.
The jackal closely misses you.
The jackal pauses to sniff the ground.
Aim: a jackal (moderately wounded)
The magic dart hits the jackal but does no damage.
The jackal barely misses you. The jackal closely misses you.
The jackal bites you but does no damage.
The jackal completely misses you. The jackal closely misses you.
The jackal bites you but does no damage.
The jackal bites you.
* * * LOW HITPOINT WARNING * * *
Aim: a jackal (moderately wounded)
The magic dart hits the jackal.
You kill the jackal!
You have reached level 2!
You hit the giant cockroach but do no damage.
The giant cockroach bites you.
* * * LOW HITPOINT WARNING * * *
The giant cockroach bites you but does no damage.
You hit the giant cockroach but do no damage.
The giant cockroach bites you.
You die...

#.............#.#......
#.....#.#.#............
#.....#.#.#...#.##.....
#'##..#.......#.##.....
##.#..#.......#.##.....
#.#..........#.##.....
##.#..........#.#####.#
###'##...#..#...........#
#......#@#..#.#.#.#######
#.<....#s#..#.....###
#......#.#..........#
#......#.#.###......#
#......#.#..........#
######.#.#####.##.#######
#.#...s.............
.#######.########## ###.#
##


You could see a giant cockroach.

Vanquished Creatures
  A bat (D:1)
  A goblin (D:1)
  A hobgoblin (D:1)
  3 jackals (D:1)
  A rat (D:1)
7 creatures vanquished.

Notes
Turn   | Place    | Note
-------+----------+-------------------------------------------
     0 | D:1      | DrakeDragon the Deep Elf Wizard began the quest for the
                  | Orb.
     0 | D:1      | Reached XP level 1. HP: 10/10 MP: 7/7
   389 | D:1      | Reached XP level 2. HP: 2/16 MP: 0/9
   391 | D:1      | Slain by a giant cockroach

Levels and vault maps discovered:
D:1:      dpeg_arrival_connections, layout_basic

Action                   || total
-------------------------++-------
Melee: Unarmed           ||    12
 Cast: Magic Dart        ||    21
Armor: Robe              ||     8
Dodge: Dodged            ||    20

Table legend:
 A = Non-vault XP
 B = Vault XP
 C = Vault XP percentage of total XP
 D = Non-vault monster count
 E = Vault monster count
 F = Vault count percentage of total count
                 A         B        C        D         E       F
            +---------+---------+-------+---------+---------+-------
      Total |      13 |       0 |   0.0 |       7 |       0 |   0.0
            +---------+---------+-------+---------+---------+-------
        D:1 |      13 |       0 |   0.0 |       7 |       0 |   0.0
            +---------+---------+-------+---------+---------+-------
